 Dungeon Crawl Stone Soup version 0.20.1-1-g8b1a95d (webtiles) character file.

89 gobwax the Chopper (level 4, -7/40 HPs)
             Began as a Hill Orc Fighter on July 18, 2017.
             Mangled by tirato's ghost (13 damage)
             ... on level 3 of the Dungeon.
             The game lasted 00:04:03 (1996 turns).

gobwax the Chopper (Hill Orc Fighter)               Turns: 1996, Time: 00:04:04

Health: -7/40      AC:  6    Str: 24    XL:     4   Next: 55%
Magic:  4/4        EV:  7    Int:  8    God:
Gold:   156        SH:  9    Dex: 10    Spells: 3/3 levels left

rFire    . . .     SeeInvis .   a - +0 war axe
rCold    . . .     Gourm    .   c - +0 shield
rNeg     . . .     Faith    .   b - +0 scale mail
rPois    .         Spirit   .   (no helmet)
rElec    .         Reflect  .   (no cloak)
rCorr    .         Harm     .   (no gloves)
MR       .....                  (no boots)
Stlth    ..........             (no amulet)
Regen    0.2/turn               (no ring)
MPRegen  0.1/turn               (no ring)

@: mighty
A: no striking features
a: no special abilities


You were on level 3 of the Dungeon.
You were not hungry.

You visited 1 branch of the dungeon, and saw 3 of its levels.

You collected 156 gold pieces.

Inventory:

Hand Weapons
 a - a +0 war axe (weapon)
 k - a +0 blowgun
Missiles
 h - 8 curare-tipped needles
Armour
 b - a +0 scale mail (worn)
 c - a +0 shield (worn)
Scrolls
 e - a scroll of enchant armour {unknown}
 l - a scroll of identify {unknown}
 m - 2 scrolls of amnesia {unknown}
 n - a scroll of remove curse {unknown}
 o - 2 scrolls of blinking {unknown}
 r - a scroll of fear {unknown}
 t - a scroll of teleportation {unknown}
 v - a scroll of random uselessness {unknown}
 w - a scroll of enchant weapon {unknown}
Potions
 i - a potion of haste {unknown}
 j - a potion of invisibility
 p - 2 potions of heal wounds {unknown}
 q - a potion of lignification
 u - a potion of agility {unknown}
Comestibles
 f - 2 bread rations
 g - a royal jelly
 s - 2 meat rations


   Skills:
 - Level 3.9 Fighting
 * Level 5.5 Axes
 - Level 3.2 Armour
 - Level 0.1 Dodging
 - Level 3.5 Shields


You had 3 spell levels left.
You didn't know any spells.

Dungeon Overview and Level Annotations

Branches:
Dungeon (3/15)

Altars:

Annotations:
D:3 tirato's ghost, amateur TrMo


Message History

You block tirato's ghost's attack.
You slice tirato's ghost!!
Tirato's ghost is heavily damaged.
Tirato's ghost closely misses you.
Tirato's ghost hits you but does no damage.
You closely miss tirato's ghost.
Tirato's ghost is heavily damaged.
Tirato's ghost barely misses you.
You slash tirato's ghost!
Tirato's ghost is severely damaged.
Tirato's ghost hits you.
* * * LOW HITPOINT WARNING * * *
You slash tirato's ghost!
Tirato's ghost is almost destroyed.
Tirato's ghost barely misses you. Tirato's ghost hits you.
* * * LOW HITPOINT WARNING * * *
Your shield prevents you from hitting tirato's ghost.
Tirato's ghost is almost destroyed.
Tirato's ghost hits you!
You die...

. #####.#
.#......#
....
>........
...
#......(.
#..
.........
#..
.<.......
..#
#..[.....
#l#
..##.....
#W# ... ...#
.... #@#
##.. ##.#
... #.# #.>.
# .# ....
#.###..#
##.......
#..##..#
.###.....
##..#..#
.##......
##.#..#
.........
#.#..#
..##.....
#....##
..##.....
..#####....#


You could see tirato's ghost and a frilled lizard.

Vanquished Creatures
  2 adders
  An ooze (D:1)
  2 worms (D:2)
  A dart slug (D:1)
  2 leopard geckos (D:3)
  An orc (D:3)
  2 ball pythons (D:2)
  7 bats
  4 giant cockroaches
  4 goblins
  6 hobgoblins
  6 jackals (D:1)
  6 kobolds
  A quokka (D:2)
  A frilled lizard (D:2)
  6 rats
52 creatures vanquished.

Notes
Turn   | Place    | Note
-------+----------+-------------------------------------------
     0 | D:1      | gobwax the Hill Orc Fighter began the quest for the Orb.
     0 | D:1      | Reached XP level 1. HP: 19/19 MP: 1/1
   163 | D:1      | Reached XP level 2. HP: 18/27 MP: 2/2
   188 | D:1      | Reached skill level 3 in Axes
   410 | D:1      | Reached XP level 3. HP: 33/33 MP: 3/3
   708 | D:1      | Reached skill level 4 in Axes
  1282 | D:2      | Reached XP level 4. HP: 30/40 MP: 4/4
  1481 | D:2      | Reached skill level 5 in Axes
  1978 | D:3      | Noticed tirato's ghost (amateur TrMo)
  1996 | D:3      | Mangled by tirato's ghost

Skill      XL: |  1  2  3  4 |
---------------+-------------+-----
Axes           | 3 4 5 |  5.5
Fighting       | |  3.9
Armour         | |  3.2
Dodging        | |  0.1
Shields        | |  3.5

Action                   |  1- 3 |  4- 6 || total
-------------------------+-------+-------++-------
Melee: War axe           |    93 |    72 ||   165
  Use: Potion            |     1 |     3 ||     4
 Stab: Invisible         |       |     1 ||     1
  Eat: Chunk             |     1 |     3 ||     4
Armor: Scale mail        |    43 |    36 ||    79
Dodge: Dodged            |    35 |    26 ||    61
Block: Shield            |    57 |    46 ||   103
